AoeStats
← GAX | Urubu

Arena

509948957Analyzed
4v4 RM · 4d ago on Sep 28, 2026· 43m 44s· 8 players
Game mode
Random Map
Map size
Large (8 player)
Population
200
Speed
Normal
Resources
Standard
Victory
Conquest
Starting age
Dark Age
Ending age
Imperial Age
RankedLock teamsTeams togetherTeam positionsShared explorationLock speedFull tech treeHidden civsTurbo modeCheats
Victory
Defeat
🇺🇦 Danes · Ukraine
1701
+12
🇹🇷 Varangians · Türkiye
1678
+12
🇩🇪 Spanish · Germany
1660
+13
🇧🇪 Ethiopians · Belgium
1645
+14
🇬🇧 Berbers · United Kingdom
1793
-20
🇧🇷 Dravidians · Brazil
1599
-13
🇵🇱 Saxons · Poland
1531
-10
🇹🇼 Turks · Taiwan
1480
-8
Komi
10:05 Feudal Age
14:00 Castle Age
12:42 Double-Bit Axe
13:12 Fletching
14:20 Horse Collar
16:27 Bow Saw
19:13 Crossbowman
21:39 Ballistics
21:21 Bodkin Arrow
30:49 Imperial Age
30:05 Wheelbarrow
31:03 Thumb Ring
31:35 Bracer
31:06 Arbalester
33:57 Chemistry
34:34 Hand Cart
34:05 Loom
34:05 Town Watch
38:07 Siege Engineers
39:59 Heavy Plow
40:28 Padded Archer Armor
40:51 Masonry
40:18 Heavy Cavalry Archer
40:19 Elite Skirmisher
42:25 Leather Archer Armor
42:17 Gold Mining
44:43 Ring Archer Armor
El Sobol
10:50 Feudal Age
14:36 Castle Age
12:41 Double-Bit Axe
13:35 Horse Collar
15:28 Bow Saw
20:25 Wheelbarrow
21:06 Heavy Plow
21:35 Stone Mining
22:03 Scale Mail Armor
22:50 Hand Cart
22:32 Gold Mining
24:26 Loom
24:46 Town Watch
25:16 Forging
28:47 Chain Mail Armor
29:10 Gold Shaft Mining
31:37 Imperial Age
31:12 Iron Casting
31:39 Elite Jomsviking
31:41 Northmen's Fury
31:49 Onager
33:14 Plate Mail Armor
33:00 Siege Engineers
33:10 Squires
32:55 Gambesons
32:56 Arson
33:45 Conscription
35:28 Blast Furnace
34:02 Siege Onager
34:13 Capped Ram
39:13 Chemistry
39:10 Hamask
40:26 Hoardings
40:04 Masonry
lalalalala
10:05 Feudal Age
13:38 Castle Age
12:34 Double-Bit Axe
12:31 Horse Collar
14:35 Bow Saw
15:09 Heavy Plow
17:04 Wheelbarrow
21:35 Gold Mining
22:23 Hand Cart
22:11 Stone Mining
27:19 Imperial Age
25:32 Scale Barding Armor
25:38 Forging
25:33 Loom
25:37 Town Watch
26:42 Chain Barding Armor
27:24 Bloodlines
27:15 Husbandry
27:52 Iron Casting
28:38 Plate Barding Armor
27:29 Vendel Legacy
28:30 Conscription
28:54 Stone Shaft Mining
27:44 Cavalier
29:58 Iron Casting
32:19 Blast Furnace
32:52 Light Cavalry
34:19 Coinage
34:27 Masonry
34:22 Gothikon
34:50 Gambesons
35:06 Squires
36:08 Architecture
35:19 Treadmill Crane
35:29 Elite Varangian Guard
36:15 Scale Mail Armor
38:52 Chain Mail Armor
40:00 Two-Man Saw
39:35 Crop Rotation
40:29 Plate Mail Armor
40:08 Murder Holes
41:16 Fletching
41:04 Hussar
42:32 Arson
Ra
10:09 Feudal Age
13:49 Castle Age
11:58 Loom
12:08 Double-Bit Axe
13:15 Horse Collar
14:52 Bow Saw
25:41 Wheelbarrow
24:53 Town Watch
29:58 Imperial Age
28:24 Stone Mining
28:25 Gold Mining
28:52 Fletching
30:17 Heavy Plow
31:55 Chemistry
30:22 Elite Conquistador
31:51 Bodkin Arrow
32:31 Husbandry
32:42 Bloodlines
32:54 Conscription
32:50 Padded Archer Armor
33:09 Bracer
33:19 Elite Skirmisher
34:18 Leather Archer Armor
34:43 Thumb Ring
36:26 Ring Archer Armor
36:24 Ballistics
40:58 Hoardings
GAX | Urubu
10:10 Feudal Age
13:45 Castle Age
11:34 Double-Bit Axe
11:55 Horse Collar
17:35 Loom
21:28 Bow Saw
22:10 Wheelbarrow
23:33 Hand Cart
23:55 Town Watch
24:12 Heavy Plow
24:03 Gold Mining
24:04 Stone Mining
24:09 Stone Mining
26:03 Town Patrol
29:52 Imperial Age
27:30 Fletching
27:40 Padded Archer Armor
28:03 Ballistics
28:08 Bodkin Arrow
28:36 Thumb Ring
30:14 Husbandry
30:37 Leather Archer Armor
30:18 Elite Elephant Archer
31:10 Bracer
32:23 Chemistry
32:18 Conscription
31:32 Pikeman
32:13 Squires
32:53 Ring Archer Armor
32:23 Scale Mail Armor
32:34 Forging
33:01 Medical Corps
33:01 Devotion
32:29 Halberdier
35:23 Chain Mail Armor
35:43 Iron Casting
36:52 Masonry
37:29 Wootz Steel
40:12 Plate Mail Armor
40:42 Blast Furnace
41:37 Blast Furnace
Gasior
10:34 Feudal Age
14:10 Castle Age
13:35 Wheelbarrow
13:08 Double-Bit Axe
13:04 Horse Collar
14:45 Loom
21:57 Bow Saw
22:42 Heavy Plow
22:35 Gold Mining
23:09 Stone Mining
24:29 Hand Cart
29:36 Imperial Age
27:38 Scale Mail Armor
27:48 Forging
28:30 Gold Shaft Mining
28:26 Squires
29:59 Chain Mail Armor
29:34 Gambesons
31:23 Plate Mail Armor
30:39 Pikeman
32:15 Iron Casting
32:28 Conscription
31:37 Halberdier
32:14 Elite Varangian Guard
32:41 Elite Hearth Troop
33:25 Fletching
34:23 Bodkin Arrow
35:35 Chemistry
34:55 Ballistics
35:27 Shield Wall
36:28 Bracer
37:28 Hoardings
37:26 Halberdier
38:11 Man-at-Arms
40:07 Padded Archer Armor
40:32 Elite Skirmisher
41:19 Thumb Ring
41:46 Fortified Wall
ss839059
9:43 Feudal Age
15:13 Castle Age
13:04 Double-Bit Axe
13:50 Horse Collar
15:58 Loom
22:10 Padded Archer Armor
33:14 Wheelbarrow
39:36 Heavy Plow
Torpedo
11:56 Feudal Age
12:45 Double-Bit Axe
15:49 Castle Age
13:43 Gold Mining
13:46 Stone Mining
13:43 Horse Collar
14:28 Gold Mining
16:48 Bow Saw
18:07 Heavy Plow
19:43 Loom
22:29 Fletching
26:50 Imperial Age
24:52 Bodkin Arrow
25:53 Wheelbarrow
25:58 Ballistics
25:51 Padded Archer Armor
27:29 Gold Shaft Mining
26:46 Town Watch
27:20 Leather Archer Armor
27:31 Bracer
28:18 Hand Cart
28:50 Stone Shaft Mining
30:25 Chemistry
29:46 Conscription
30:04 Masonry
29:36 Treadmill Crane
31:45 Ring Archer Armor
31:26 Bloodlines
31:16 Husbandry
32:46 Hoardings
32:25 Elite Camel Archer
33:25 Thumb Ring
36:08 Siege Engineers
36:37 Crop Rotation
37:01 Kasbah
38:21 Murder Holes
41:06 Guilds
41:36 Maghrebi Camels
Connection lost

Rejoining the realm…

Still unreachable

The connection could not be restored.

Session expired

The server has moved on; the page needs a fresh start.